 Dungeon Crawl Stone Soup version bcrawl-1.28.1b (webtiles) character file.

Game seed: 7468310537594656159

350171 Morbidden the Fighter (level 11, 0/95 HPs)
             Began as a Demigod Wanderer on Dec 25, 2020.
             Succumbed to a gnoll sergeant's poison
             ... on level 8 of the Dungeon.
             The game lasted 00:12:50 (9405 turns).

Morbidden the Fighter (Demigod Wanderer)            Turns: 9405, Time: 00:12:50

Health: 0/95       AC: 14    Str: 17    XL:     11   Next: 7%
Magic:  9/22       EV:  8    Int: 20    God:    Demigod [****..]
Gold:   586        SH:  0    Dex: 17    Spells: 20/20 levels left

rFire    . . .     SeeInvis .   b - +2 dagger (venom)
rCold    . . .     Gourm    .   (no shield)
rNeg     . . .     Faith    .   d - +0 chain mail
rPois    .         Spirit   +   (no helmet)
rElec    .         Reflect  .   (no cloak)
rCorr    .         Harm     .   (no gloves)
MR       ++...                  (no boots)
Stlth    ..........             i - amulet of guardian spirit
HPRegen  0.25/turn              x - +4 ring of protection
MPRegen  0.18/turn              c - ring of protection from magic

@: lethally poisoned (0 -> -32)
A: high mp 1
a: Temporal Distortion, Growth, Major Destruction, Heroism


You were on level 8 of the Dungeon.
You worshipped Demigod.
Demigod was greatly pleased with you.
You were full.

You visited 1 branch of the dungeon, and saw 8 of its levels.
You also visited: Sewer.

You collected 586 gold pieces.

Inventory:

Hand Weapons
 a - a +3 hand crossbow
 b - a +2 dagger of venom (weapon)
 D - a +3 scimitar of flaming
Missiles
 v - 91 bolts
Armour
 d - a +0 chain mail (worn)
 m - a +1 scale mail of fire resistance
 y - a +2 cloak
Magical Staves
 s - an uncursed staff of death
Jewellery
 c - a ring of protection from magic (right hand)
 i - an amulet of guardian spirit (around neck)
 x - a +4 ring of protection (left hand)
 C - an uncursed ring of wizardry
 F - an uncursed ring of protection from fire
 G - the ring "Xooruhor" {Fire MR+ Str+4 Dex-4}
   (You took it off an orc on level 4 of the Dungeon)

   [ring of fire]

   It enhances your fire magic.
   It affects your strength (+4).
   It affects your dexterity (-4).
   It protects you from fire.
   It makes you vulnerable to cold.
   It affects your resistance to hostile enchantments.
Wands
 o - a wand of flame (46)
 r - a wand of random effects (5)
Scrolls
 f - a scroll of identify
 j - 9 scrolls of teleportation {unknown}
 n - 5 scrolls of remove curse {unknown}
 p - a scroll of fear {unknown}
 q - a scroll of enchant armour {unknown}
 u - 2 scrolls of immolation
 w - 2 scrolls of blinking
 A - a scroll of amnesia
 B - a scroll of magic mapping
 E - a scroll of silence {unknown}
Potions
 g - 7 potions of curing
 h - a potion of haste
 k - a potion of agility {unknown}
 l - 2 potions of lignification
 t - 2 potions of cancellation
 z - a potion of heal wounds
Comestibles
 e - 12 rations {!d}


   Skills:
 * Level 8.9 Fighting
 + Level 3.2(3.3) Short Blades
 + Level 1.3(2.4) Long Blades
 + Level 8.0 Crossbows
 + Level 1.0 Throwing
 * Level 6.2 Armour
 * Level 2.7 Dodging
 + Level 1.2 Stealth
 * Level 5.0 Spellcasting
 * Level 8.3 Invocations


You had 20 spell levels left.
You didn't know any spells.
Your spell library contained the following spells:

 Spells                   Type           Power        Failure   Level  Hunger
 Corona                   Hex            #......      80%         1    None
 Magic Dart               Conj           #...         80%         1    None
 Shock                    Conj/Air       #....        80%         1    None
 Sting                    Conj/Pois      #...         80%         1    None
 Blink                    Tloc           N/A          91%         2    None
 Call Imp                 Summ           #.....       91%         2    None
 Poisonous Vapours        Pois/Air       #.....       91%         2    None
 Searing Ray              Conj           #.......     91%         2    None
 Shackle                  Hex            #.......     91%         2    None
 Conjure Flame            Conj/Fire      #.......     99%         3    ###....
 False Image              Hex/Summ       #.......     99%         3    ###....
 Ignite Poison            Fire/Tmut/Pois #.......     99%         3    ###....
 Inner Flame              Hex/Fire       N/A          99%         3    ###....
 Iskenderun's Mystic Bla  Conj           #.......     99%         3    ###....
 Mephitic Cloud           Conj/Pois/Air  #.......     99%         3    ###....
 Spider Form              Tmut/Pois      #..          99%         3    ###....
 Cause Fear               Hex            #.........   100%        4    #####..
 Fulminant Prism          Conj/Hex       #.........   100%        4    #####..
 Olgreb's Toxic Radiance  Pois           #........    100%        4    #####..
 Summon Scorpions         Summ/Pois      #.......     100%        4    #####..
 Yara's Violent Unravell  Hex/Tmut       #.........   100%        4    #####..
 Dispel Undead            Necr           #.......     100%        5    ######.
 Irradiate                Conj/Tmut      #.........   100%        5    ######.
 Silence                  Hex/Air        #.........   100%        5    ######.
 Venom Bolt               Conj/Pois      #.........   100%        5    ######.
 Freezing Cloud           Ice/Air        #.........   100%        6    #######


Dungeon Overview and Level Annotations

Branches:
Dungeon (8/12)             Temple (0/1) D:7             Orc (0/1) D:8
   Lair: D:7-9


Innate Abilities, Weirdness & Mutations

You have an increased reservoir of magic. (+10% MP)


Message History

* * * LOW HITPOINT WARNING * * *
You are more poisoned.
You hit the gnoll sergeant.
The gnoll sergeant looks more poisoned.
The gnoll sergeant is heavily wounded.
* * * LOW HITPOINT WARNING * * *
You feel very sick.
The gnoll sergeant hits you with a +4 trident of venom!
* * * LOW HITPOINT WARNING * * *
You are more poisoned.
You closely miss the gnoll sergeant.
The gnoll sergeant is severely wounded.
* * * LOW HITPOINT WARNING * * *
You feel sick.
No path to travel!
* * * LOW HITPOINT WARNING * * *
You feel very sick.
You kill the gnoll sergeant!
Your kill strengthens your divinity.
You die...
Your divinity fades.

......# #.....#.......)..##.....
......##
###....)(........###.#.#
.......#
#...###..........#######
.......# #.### ##..)........# .
.....#..##. ##......#...# +.
....###.... #)##.....### #.
##### ..## ###.##.)..## ###
#...###...## ##@###......# ###
###..###.#.##.#####.<
######...................# ####
#......###..###..##..#####
#..#########....................
#...........)....####..###.####.
#########...#.#######..# #.# ##
###...........#..# #.#
######...###..........###.#####


There were no monsters in sight!

Vanquished Creatures
  Erica (D:8)
  2 centaur zombies (D:7)
  Maurice (D:8)
  A troll (D:8)
  Prince Ribbit (D:8)
  Grinder (D:3)
  A hornet (D:8)
  A wyvern (D:7)
  4 yaks
  3 hungry ghosts
  3 water moccasins
  3 sky beasts
  6 orc warriors
  A hornet zombie (D:7)
  A black bear (D:8)
  6 ogres
  3 centaurs
  10 big kobolds
  3 bullfrogs
  3 gnoll sergeants (D:8)
  9 scorpions
  3 wights (D:6)
  A howler monkey (D:4)
  5 crimson imps
  A bullfrog zombie (D:8)
  2 jellies
  3 hounds
  2 orc priests
  A gnoll shaman (D:4)
  5 orc wizards
  A bullfrog skeleton (D:5)
  Jessica (D:2)
  4 iguanas
  6 worker ants
  A worker ant zombie (D:4)
  7 gnolls
  13 adders
  2 river rats (Sewer)
  2 shadow imps
  2 oozes
  An adder zombie (D:7)
  6 worms
  2 dart slugs
  3 leopard geckos
  29 orcs
  5 giant cockroaches
  4 goblins
  7 hobgoblins
  5 jackals
  2 quokkas
  5 ball pythons
  5 bats
  4 frilled lizards
  A jackal skeleton (D:5)
  9 kobolds
  7 rats
221 creatures vanquished.

Notes
Turn   | Place    | Note
-------+----------+-------------------------------------------
     0 | D:1      | Morbidden the Demigod Wanderer began the quest for the Orb.
     0 | D:1      | Morbidden set off with the following items: a +2 hand
                  | crossbow, 143 bolts, a +0 ring mail, a potion of berserk
                  | rage, a ration {!d}
     0 | D:1      | Reached XP level 1. HP: 22/22 MP: 3/3
   215 | D:1      | Reached XP level 2. HP: 28/28 MP: 4/4
   586 | D:2      | Noticed Jessica
   594 | D:2      | Killed Jessica
   595 | D:2      | Reached skill level 5 in Fighting
   595 | D:2      | Reached XP level 3. HP: 31/36 MP: 5/5
   671 | D:2      | Reached skill level 1 in Invocations
   671 | D:2      | Reached XP level 4. HP: 42/42 MP: 5/7
   713 | D:2      | Reached * piety under Demigod
   790 | D:2      | Found a hide-covered altar of Uskayaw.
  1000 | D:3      | Noticed Grinder
  1002 | D:3      | Paralysed by Grinder for 2 turns
  1010 | D:3      | Killed Grinder
  1011 | D:3      | Reached XP level 5. HP: 29/48 MP: 7/9
  1011 | D:3      | Reached XP level 6. HP: 34/56 MP: 7/10
  1218 | D:3      | Found a glowing golden altar of the Shining One.
  1220 | D:3      | Found an ornate altar of the Wu Jian Council.
  1740 | D:3      | Found a burning altar of Makhleb.
  1740 | D:3      | Found a radiant altar of Vehumet.
  1918 | D:4      | Reached XP level 7. HP: 18/62 MP: 2/12
  2083 | D:4      | Reached skill level 5 in Crossbows
  2150 | D:4      | HP: 3/93 [orc warrior/+0 scimitar (8)]
  2153 | D:4      | Reached skill level 1 in Spellcasting
  2303 | D:4      | Got a jewelled falchion
  2304 | D:4      | Identified the +4 falchion "Giciv" {protect, rElec rC++
                  | Stlth+} (You found it on level 4 of the Dungeon)
  2358 | D:4      | Reached ** piety under Demigod
  2361 | D:4      | Identified the ring "Xooruhor" {Fire MR+ Str+4 Dex-4}
  2739 | D:4      | Reached XP level 8. HP: 59/70 MP: 11/14
  2911 | D:5      | Entered Level 5 of the Dungeon
  2932 | D:5      | Found a transporter.
  2932 | D:5      | Found a transporter.
  2993 | D:5      | Found a glowing drain.
  3006 | Sewer    | Entered a sewer
  3083 | Sewer    | Reached skill level 1 in Long Blades
  3188 | Sewer    | Reached skill level 1 in Short Blades
  3247 | Sewer    | Reached skill level 5 in Invocations
  3580 | Sewer    | Reached skill level 1 in Dodging
  3695 | D:5      | Found a hazy altar of Hepliaklqana.
  3887 | D:5      | Noticed an angel
  3888 | D:5      | Found a glowing silver altar of Zin.
  3888 | D:5      | Found a shimmering altar of Xom.
  3904 | D:5      | Reached *** piety under Demigod
  4973 | D:5      | Got a transparent whip
  5188 | D:6      | Identified the +4 whip "Ygunafoush" {freeze, Int+4} (You
                  | found it on level 5 of the Dungeon)
  5243 | D:6      | Reached XP level 9. HP: 44/78 MP: 13/17
  6645 | D:7      | Found a staircase to the Ecumenical Temple.
  6650 | D:7      | Identified the Compendium of Twisted Feathers
  6677 | D:7      | Found an opulent altar of Gozag.
  6678 | D:7      | Found a sparkling altar of Nemelex Xobeh.
  6702 | D:7      | Reached **** piety under Demigod
  6942 | D:7      | Reached XP level 10. HP: 77/88 MP: 16/19
  7632 | D:8      | Noticed Prince Ribbit
  7637 | D:8      | Killed Prince Ribbit
  7710 | D:8      | Noticed Erica
  7722 | D:8      | Killed Erica
  7774 | D:8      | Reached skill level 5 in Armour
  8527 | D:8      | Found a staircase to the Orcish Mines.
  9098 | D:8      | Found a glowing golden altar of the Shining One.
  9139 | D:8      | Reached XP level 11. HP: 95/95 MP: 22/22
  9145 | D:8      | Noticed Maurice
  9214 | D:8      | Killed Maurice
  9215 | D:8      | Reached skill level 5 in Spellcasting
  9404 | D:8      | HP: 3/95 [poisoned by a gnoll sergeant]
  9405 | D:8      | Succumbed to a gnoll sergeant's poison

Skill      XL: |  1  2  3  4  5  6  7  8  9 10 11 |
---------------+----------------------------------+-----
Crossbows      | 2 4 5 7 8 |  8.0
Fighting       | 5 6 8 |  8.9
Invocations    | 1 2 3 4 5 6 8 |  8.3
Armour         | 2 3 4 6 |  6.2
Spellcasting   | 2 3 4 5 |  5.0
Long Blades    | 1 |  1.3
Short Blades   | 2 3 |  3.2
Dodging        | 1 2 |  2.7
Throwing       | |  1.0
Stealth        | |  1.2

Action                   |  1- 3 |  4- 6 |  7- 9 | 10-12 || total
-------------------------+-------+-------+-------+-------++-------
Melee: Falchion          |       |       |    27 |       ||    27
       Dagger            |       |       |   339 |   167 ||   506
       Punch             |       |       |       |     1 ||     1
 Fire: Hand crossbow     |    50 |   113 |   208 |   155 ||   526
Invok: Heroism           |       |       |       |     3 ||     3
Evoke: Wand              |       |       |       |     1 ||     1
  Use: Potion            |       |       |     2 |     1 ||     3
       Scroll            |       |       |    13 |     2 ||    15
  Eat: Chunk             |     1 |     8 |    31 |     4 ||    44
       Ration            |       |       |     1 |     6 ||     7
Armor: Ring mail         |     9 |     8 |    18 |       ||    35
       Chain mail        |       |       |   143 |    65 ||   208
       Scale mail        |       |       |    66 |    52 ||   118
Dodge: Dodged            |    20 |    22 |   170 |    97 ||   309
